 Dungeon Crawl Stone Soup version 0.20.1-1-g8b1a95d (webtiles) character file.

9781 Strandis the Cleaver (level 11, -1/99 HPs)
             Began as a Deep Dwarf Fighter on Nov 10, 2017.
             Slain by a 16-headed hydra (6 damage)
             ... on level 1 of the Lair of Beasts.
             The game lasted 00:47:28 (8843 turns).

Strandis the Cleaver (Deep Dwarf Fighter)           Turns: 8843, Time: 00:47:29

Health: -1/99      AC: 18    Str: 33    XL:     11   Next: 27%
Magic:  19/19      EV: 14    Int: 14    God:
Gold:   182        SH: 17    Dex: 12    Spells: 10/10 levels left

rFire    . . .     SeeInvis .   T - +3 war axe (vamp)
rCold    . . .     Gourm    .   c - +0 shield
rNeg     . . .     Faith    .   s - +6 chain mail "Vonouveq" {rElec Str+5}
rPois    .         Spirit   .   j - +0 helmet
rElec    +         Reflect  +   (no cloak)
rCorr    .         Harm     .   (no gloves)
MR       +....                  (no boots)
Stlth    ..........             N - +4 amulet of reflection
Regen    0.0/turn               l - +4 ring of evasion
MPRegen  0.2/turn               C - ring of magical power

@: mighty, brilliant, non-regenerating
A: damage resistance, heal wounds, sense surroundings 2, no regeneration
a: Heal Wounds


You were on level 1 of the Lair of Beasts.
You were not hungry.

You visited 3 branches of the dungeon, and saw 12 of its levels.
You also visited: Ossuary.

You collected 737 gold pieces.
You spent 514 gold pieces at shops.
You donated 41 gold pieces to Zin.

Inventory:

Hand Weapons
 H - a +4 long sword
 T - a +3 vampiric war axe (weapon)
 U - a +2 hand crossbow of freezing
Missiles
 R - 3 tomahawks (quivered)
Armour
 b - a +0 scale mail
 c - a +0 shield (worn)
 j - a +0 helmet (worn)
 p - a +2 plate armour of fire resistance
 s - the +6 chain mail "Vonouveq" (worn) {rElec Str+5}
   (You found it on level 4 of the Dungeon)

   It affects your strength (+5).
   It insulates you from electricity.
 M - a +0 hat
Jewellery
 l - a +4 ring of evasion (left hand)
 m - an uncursed ring of poison resistance {unknown}
 o - an uncursed amulet of magic regeneration
 r - a cursed ring of loudness
 C - a ring of magical power (right hand)
 N - a +4 amulet of reflection (around neck)
 X - a +5 ring of evasion
 Z - an uncursed ring of magical power
Wands
 B - a wand of iceblast (8/15)
 K - a wand of polymorph (4/24)
Scrolls
 e - a scroll of immolation {unknown}
 h - 2 scrolls of fog {unknown}
 i - 6 scrolls of remove curse
 k - a scroll of fear {unknown}
 n - 3 scrolls of identify
 q - 6 scrolls of teleportation
 w - 5 scrolls of magic mapping
 x - 3 scrolls of amnesia
 y - a scroll of vulnerability {unknown}
 A - 2 scrolls of noise
 G - a scroll of recharging {unknown}
 I - 2 scrolls of enchant armour {unknown}
 J - a scroll of random uselessness {unknown}
 S - a scroll of summoning {unknown}
Potions
 d - 3 potions of might
 f - a potion of heal wounds {unknown}
 g - 5 potions of curing
 v - a potion of berserk rage {unknown}
 z - a potion of mutation {unknown}
 D - 3 potions of lignification {unknown}
 E - 4 potions of brilliance
 F - a potion of haste {unknown}
 P - a potion of invisibility {unknown}
 Y - a potion of magic {unknown}
Books
 L - a book of Maledictions

   Spells                             Type                      Level
   a - Corona                         Hexes                        1
   b - Ensorcelled Hibernation        Hexes/Ice                    2
   c - Confuse                        Hexes                        3
   d - Tukima's Dance                 Hexes                        3
   e - Dazzling Spray                 Conjuration/Hexes            3
 Q - Sif Muna's Almanac of Entrancing Summoning
   (You found it on level 6 of the Dungeon)

   Spells                             Type                      Level
   a - Corona                         Hexes                        1
   b - Confuse                        Hexes                        3
   c - Leda's Liquefaction            Hexes/Earth                  4
   d - Summon Hydra                   Summoning                    7
 V - a book of Necromancy

   Spells                             Type                      Level
   a - Pain                           Necromancy                   1
   b - Animate Skeleton               Necromancy                   1
   c - Vampiric Draining              Necromancy                   3
   d - Regeneration                   Charms/Necromancy            3
   e - Animate Dead                   Necromancy                   4
   f - Control Undead                 Necromancy                   4
Miscellaneous
 u - a phantom mirror
Comestibles
 a - 12 chunks of flesh
 t - 7 bread rations
 O - 12 royal jellies
 W - 2 meat rations


   Skills:
 + Level 6.5 Fighting
 + Level 5.4 Long Blades
 + Level 11.6 Axes
 + Level 7.7 Armour
 + Level 4.1 Dodging
 + Level 1.3 Stealth
 + Level 9.7 Shields
   Level 2.9 Invocations


You had 10 spell levels left.
You didn't know any spells.

Dungeon Overview and Level Annotations

Branches:
Dungeon (10/15)            Temple (1/1) D:5            Lair (1/6) D:10
    Orc: D:9-12

Altars:
Ashenzari
Cheibriados
Dithmenos
Elyvilon
Fedhas
Gozag
Hepliaklqana
Kikubaaqudgha
Makhleb
Nemelex Xobeh
Okawaru
Qazlal
Ru
Sif Muna
Trog
Uskayaw
Vehumet
Xom
Yredelemnul
Zin
The Shining One

Shops:
D:9 %(:*


Innate Abilities, Weirdness & Mutations

You are resistant to damage.
You can heal yourself by infusing magical energy.
You passively map the area around you.
You do not regenerate.


Message History

You block the 15-headed hydra's attack. x2
The 15-headed hydra bites you but does no damage. x4
You block the 15-headed hydra's attack.
The 15-headed hydra bites you but does no damage.
The 15-headed hydra bites you. The 15-headed hydra closely misses you.
You slice one of the 15-headed hydra's heads off!
The 14-headed hydra grows two more!
You slice the 16-headed hydra!!
The 16-headed hydra is moderately wounded.
You block the 16-headed hydra's attack. The 16-headed hydra bites you!
* * * LOW HITPOINT WARNING * * *
The 16-headed hydra bites you but does no damage.
You block the 16-headed hydra's attack. The 16-headed hydra bites you!
* * * LOW HITPOINT WARNING * * *
The 16-headed hydra bites you but does no damage.
The 16-headed hydra closely misses you.
The 16-headed hydra barely misses you. x2
The 16-headed hydra closely misses you. You block the 16-headed hydra's attack.
The 16-headed hydra bites you.
* * * LOW HITPOINT WARNING * * *
The 16-headed hydra bites you!
You die...

* , ,* * ##.###.###.#. ,
, ?. .., #####.# #.#. ,*
*.*.# #. * #..# #... *
..,.... ##.###.#. #. >#.
##..####. * , , ..,..
#..P# #. , .#.#.#.
#######.#####. * ,
......r#####.P##.....P##.
** #tD@......#.....P##.
.....h#####.##...........
* .#.#. ######.....#### *
, .., #>....# * #. *
##..### # * * ..,, #P.##
# , . , ##..# # * , ,
##.## # * * #..# ##


You could see a 16-headed hydra, a crocodile, a black bear and a porcupine.

Vanquished Creatures
  2 two-headed ogres
  The ghost of Tenz the Covert, a novice GrWr of Okawaru (D:9)
  A troll (D:9)
  2 hornets
  A hippogriff (D:9)
  A yak (D:10)
  3 hungry ghosts
  A basilisk (Lair:1)
  Menkaure (D:4)
  3 water moccasins
  2 porcupines
  3 black bears
  4 orc warriors
  A sky beast (D:7)
  2 phantoms
  6 ogres
  3 centaurs
  A crocodile (Lair:1)
  12 big kobolds
  Blork the orc (D:6)
  An elf zombie (Ossuary)
  4 bullfrogs
  3 scorpions
  2 water moccasin skeletons
  10 killer bees
  4 wights (D:9)
  9 electric eels
  3 howler monkeys
  4 crimson imps
  2 bullfrog zombies
  A quasit (D:9)
  A bullfrog skeleton (D:6)
  2 hounds
  3 jellies (D:8)
  5 orc priests
  An iguana (D:9)
  8 orc wizards
  9 worker ants
  A big kobold zombie (Ossuary)
  4 hound zombies
  A hound skeleton (D:9)
  4 mummies (Ossuary)
  A worker ant zombie (D:5)
  A gnoll (D:6)
  2 howler monkey skeletons
  17 adders
  3 shadow imps
  7 oozes
  An adder zombie (Ossuary)
  3 adder skeletons
  2 worms
  A dart slug (D:1)
  8 leopard geckos
  29 orcs
  7 bats
  6 giant cockroaches
  6 hobgoblins
  3 jackals (D:7)
  3 quokkas
  9 frilled lizards
  2 gnoll zombies (Ossuary)
  3 goblins
  A goblin zombie (Ossuary)
  2 jackal zombies (Ossuary)
  62 kobolds
  A kobold zombie (Ossuary)
  An orc zombie (Ossuary)
  3 rats
  A rat zombie (Ossuary)
  A fungus (D:10)
  2 plants
321 creatures vanquished.

Vanquished Creatures (others)
  A centaur (D:7)
  A kobold (D:10)
  A plant (D:7)
3 creatures vanquished.

Grand Total: 324 creatures vanquished

Notes
Turn   | Place    | Note
-------+----------+-------------------------------------------
     0 | D:1      | Strandis the Deep Dwarf Fighter began the quest for the Orb.
     0 | D:1      | Reached XP level 1. HP: 20/20 MP: 1/1
    73 | D:1      | Reached XP level 2. HP: 18/27 MP: 2/2
   599 | D:2      | Reached XP level 3. HP: 21/33 MP: 3/3
   753 | D:2      | Found a hide-covered altar of Uskayaw.
   762 | D:2      | Noticed a hand axe
   920 | D:2      | Noticed a dagger
  1175 | D:3      | Reached XP level 4. HP: 39/42 MP: 4/4
  1369 | D:3      | Found an iron altar of Okawaru.
  1546 | D:3      | Found a glowing silver altar of Zin.
  2160 | D:4      | Reached XP level 5. HP: 44/49 MP: 5/5
  2257 | D:4      | Reached skill level 1 in Dodging
  2536 | D:4      | Found a burning altar of Makhleb.
  2605 | D:4      | Reached XP level 6. HP: 23/56 MP: 5/5
  2647 | D:3      | Became a worshipper of Zin the Law-Giver
  2647 | D:3      | Reached * piety under Zin
  2924 | D:4      | Noticed Menkaure
  2936 | D:4      | Killed Menkaure
  2936 | D:4      | Reached skill level 5 in Long Blades
  3023 | D:4      | Reached ** piety under Zin
  3195 | D:4      | Got a smoking chain mail
  3198 | D:4      | Identified the +6 chain mail "Vonouveq" {rElec Str+5} (You found it on level 4 of the Dungeon)
  3417 | D:5      | Entered Level 5 of the Dungeon
  3475 | D:5      | Reached skill level 5 in Shields
  3505 | D:5      | Reached *** piety under Zin
  3594 | D:5      | Reached XP level 7. HP: 57/62 MP: 5/5
  3609 | D:5      | Found a staircase to the Ecumenical Temple.
  3681 | D:5      | Found a sand-covered staircase.
  3700 | Ossuary  | Entered an ossuary
  3720 | Ossuary  | Reached **** piety under Zin
  3720 | Ossuary  | Reached skill level 1 in Axes
  3742 | Ossuary  | Reached skill level 2 in Axes
  3905 | Temple   | Entered the Ecumenical Temple
  3975 | Temple   | Fell from the grace of Zin
  3975 | Temple   | Became a worshipper of Elyvilon the Healer
  3975 | Temple   | Reached * piety under Elyvilon
  3975 | Temple   | Reached ** piety under Elyvilon
  4197 | D:6      | Reached skill level 3 in Axes
  4365 | D:6      | Noticed Blork the orc
  4375 | D:6      | Reached skill level 4 in Axes
  4375 | D:6      | Reached skill level 5 in Armour
  4388 | D:6      | Killed Blork the orc
  4388 | D:6      | Reached XP level 8. HP: 65/72 MP: 6/6
  4553 | D:6      | Reached skill level 5 in Axes
  4733 | D:6      | Reached skill level 6 in Axes
  4814 | D:6      | Found a radiant altar of Vehumet.
  4977 | D:6      | Identified Sif Muna's Almanac of Entrancing Summoning
  5046 | D:6      | Reached skill level 1 in Invocations
  5067 | D:6      | Reached skill level 7 in Axes
  5077 | D:6      | Gained mutation: You passively map the area around you. [Deep Dwarf growth]
  5077 | D:6      | Reached XP level 9. HP: 60/79 MP: 7/7
  5579 | D:7      | Reached skill level 8 in Axes
  5834 | D:7      | Reached skill level 5 in Fighting
  6196 | D:7      | Found a deep blue altar of Sif Muna.
  6308 | D:7      | Reached skill level 9 in Axes
  6352 | D:8      | Noticed a two-headed ogre
  6366 | D:8      | Killed a two-headed ogre
  6366 | D:8      | Reached XP level 10. HP: 39/88 MP: 9/9
  6614 | D:8      | Reached *** piety under Elyvilon
  7137 | D:8      | Found a snail-covered altar of Cheibriados.
  7137 | D:8      | Found a shadowy altar of Dithmenos.
  7390 | D:9      | Reached skill level 1 in Stealth
  7406 | D:9      | Found Pothrut's Antique Weapon Emporium.
  7419 | D:9      | Bought a glowing war axe for 227 gold pieces
  7419 | D:9      | Bought a runed hand crossbow for 227 gold pieces
  7439 | D:9      | Noticed Tenz's ghost (novice GrWr)
  7444 | D:9      | Was placed under penance by Elyvilon
  7497 | D:9      | Killed Tenz's ghost
  7497 | D:9      | Reached skill level 10 in Axes
  7600 | D:9      | Fell from the grace of Elyvilon
  7661 | D:9      | Found Alecydwe's Food Boutique.
  7671 | D:9      | Bought a bread ration for 60 gold pieces
  7760 | D:9      | Found Cuizag's Book Shoppe.
  8037 | D:9      | Found Osmenar's Assorted Antiques.
  8042 | D:9      | Reached skill level 11 in Axes
  8232 | D:10     | Entered Level 10 of the Dungeon
  8340 | D:10     | Reached XP level 11. HP: 97/97 MP: 11/11
  8457 | D:10     | Noticed a two-headed ogre
  8469 | D:10     | Killed a two-headed ogre
  8626 | D:10     | Found a staircase to the Lair.
  8665 | Lair:1   | Entered Level 1 of the Lair of Beasts
  8817 | Lair:1   | Noticed a seven-headed hydra
  8843 | Lair:1   | Slain by a 16-headed hydra

Skill      XL: |  1  2  3  4  5  6  7  8  9 10 11 |
---------------+----------------------------------+-----
Fighting       | 3 4 5 6 |  6.5
Long Blades    | 3 4 5 |  5.4
Shields        | 4 5 6 7 9 |  9.7
Armour         | 4 5 6 7 |  7.7
Dodging        | 1 2 3 4 |  4.1
Axes           | 4 7 9 11 | 11.6
Invocations    | 1 2 |  2.9
Stealth        | 1 |  1.3

Action                   |  1- 3 |  4- 6 |  7- 9 | 10-12 || total
-------------------------+-------+-------+-------+-------++-------
Melee: Long sword        |   124 |   285 |    17 |       ||   426
       War axe           |       |       |   513 |   433 ||   946
Invok: Recite            |       |     1 |       |       ||     1
       Vitalisation      |       |     1 |       |       ||     1
       Lesser Healing    |       |       |    22 |    20 ||    42
 Abil: Heal Wounds       |     1 |     7 |       |     6 ||    14
  Use: Scroll            |       |     2 |     3 |    10 ||    15
       Potion            |       |     1 |       |     3 ||     4
  Eat: Chunk             |     1 |     6 |    12 |    15 ||    34
       Bread ration      |       |     1 |       |       ||     1
       Meat ration       |       |       |       |     3 ||     3
Armor: Scale mail        |    63 |     6 |       |       ||    69
       Plate armour      |       |   101 |       |       ||   101
       Chain mail        |       |    18 |   228 |   177 ||   423
Dodge: Dodged            |    39 |    84 |   266 |   191 ||   580
Block: Shield            |    82 |   115 |   393 |   418 ||  1008
       Reflection        |       |       |     4 |     9 ||    13
       Rpst.: Long sword |    17 |    26 |     4 |       ||    47
